TOP OF THE 1ST |
---|
San Diego Smashers batting - Pitching for Riverside Red Bulls : RHP Juan Rodríguez | Pitching: RHP Juan Rodríguez | | Batting: RHB Gustavo Torres | 0-0: Foul Ball, location: 2F 0-1: Ball 1-1: Fly out, F7 (Flyball, 7D) | Batting: RHB Manny Torrez | 0-0: Foul Ball, location: 2F 0-1: Ball 1-1: Foul Ball, location: 2F 1-2: Ball 2-2: Foul Ball, location: 2F 2-2: Ground out 5-3 (Groundball, 56) | Batting: LHB John White | 0-0: Ball 1-0: Called Strike 1-1: DOUBLE (Line Drive, 78D) | Batting: LHB Steven Smith | 0-0: Ball 1-0: Called Strike 1-1: Ball 2-1: Swinging Strike 2-2: Fly out, F6 (Popup, 6M) | Top of the 1st over - 0 runs, 1 hit, 0 errors, 1 left on base; San Diego 0 - Riverside 0 | BOTTOM OF THE 1ST |
---|
Riverside Red Bulls batting - Pitching for San Diego Smashers : LHP Nesto Pérez | Pitching: LHP Nesto Pérez | | Batting: RHB Donovan James | 0-0: Called Strike 0-1: Swinging Strike 0-2: Ball 1-2: Strikes out swinging | Batting: RHB Bobby Miller | 0-0: SINGLE (Line Drive, 8LS) | Batting: RHB José García | 0-0: Ball 1-0: Called Strike 1-1: Ball 2-1: Foul Ball, location: 2F 2-2: Foul Ball, location: 2F 2-2: Strikes out swinging | Batting: RHB Zhong Shui | 0-0: Ball 1-0: Foul Ball, location: 2F 1-1: Swinging Strike 1-2: Strikes out swinging | Bottom of the 1st over - 0 runs, 1 hit, 0 errors, 1 left on base; San Diego 0 - Riverside 0 | TOP OF THE 2ND |
---|
San Diego Smashers batting - Pitching for Riverside Red Bulls : RHP Juan Rodríguez | Batting: SHB Michael Aisher | 0-0: Called Strike 0-1: Ball 1-1: Ground out 1-3 (Groundball, 13) | Batting: LHB Nick Hill | 0-0: Ball 1-0: Ground out 5-3 (Groundball, 56) | Batting: LHB Roderick Delgado | 0-0: Called Strike 0-1: Ball 1-1: Swinging Strike 1-2: Strikes out swinging | Top of the 2nd over - 0 runs, 0 hits, 0 errors, 0 left on base; San Diego 0 - Riverside 0 | BOTTOM OF THE 2ND |
---|
Riverside Red Bulls batting - Pitching for San Diego Smashers : LHP Nesto Pérez | Batting: RHB Patrick Daniels | 0-0: Ball 1-0: Ball 2-0: Called Strike 2-1: Foul Ball, location: 2F 2-2: Ball 3-2: Strikes out swinging | Batting: RHB Gilberto Silva | 0-0: Ball 1-0: Called Strike 1-1: Ball 2-1: Foul Ball, location: 2F 2-2: Foul Ball, location: 2F 2-2: SINGLE (Flyball, 3D) | Batting: RHB Pete Woods | 0-0: Ball 1-0: Called Strike 1-1: Fly out, F9 (Flyball, 9LM) | Batting: LHB Miguel Gálvez | 0-0: Called Strike 0-1: Ground out 1-3 (Groundball, 13S) | Bottom of the 2nd over - 0 runs, 1 hit, 0 errors, 1 left on base; San Diego 0 - Riverside 0 | TOP OF THE 3RD |
---|
San Diego Smashers batting - Pitching for Riverside Red Bulls : RHP Juan Rodríguez | Batting: SHB Walt Rodgers | 0-0: Swinging Strike 0-1: Fly out, F5 (Line Drive, 56S) | Batting: RHB Sean Smith | 0-0: Ball 1-0: Called Strike 1-1: Ball 2-1: Called Strike 2-2: Ball 3-2: Base on Balls | Batting: RHB Gustavo Torres | 0-0: Foul Ball, location: 2F 0-1: Swinging Strike 0-2: Ball 1-2: Foul Ball, location: 2F 1-2: Fly out, F8 (Flyball, 8RS) | Batting: RHB Manny Torrez | 0-0: Ball 1-0: Ground out 4-3 (Groundball, 4) | Top of the 3rd over - 0 runs, 0 hits, 0 errors, 1 left on base; San Diego 0 - Riverside 0 | BOTTOM OF THE 3RD |
---|
Riverside Red Bulls batting - Pitching for San Diego Smashers : LHP Nesto Pérez | Batting: RHB Gilberto Tovar | 0-0: Ball 1-0: Called Strike 1-1: Foul Ball, location: 2F 1-2: Foul Ball, location: 2F 1-2: Ball 2-2: Strikes out swinging | Batting: RHB Donovan James | 0-0: Ball 1-0: Ball 2-0: Ball 3-0: Base on Balls | Batting: RHB Bobby Miller | 0-0: Called Strike 0-1: Called Strike 0-2: Ball 1-2: SINGLE (Line Drive, 78M) Donovan James to second | Batting: RHB José García | 0-0: Called Strike 0-1: Swinging Strike 0-2: Foul Ball, location: 2F 0-2: Ball 1-2: Ball 2-2: Strikes out swinging | Batting: RHB Zhong Shui | 0-0: Called Strike 0-1: Fly out, F4 (Line Drive, 4M) | Bottom of the 3rd over - 0 runs, 1 hit, 0 errors, 2 left on base; San Diego 0 - Riverside 0 | TOP OF THE 4TH |
---|
San Diego Smashers batting - Pitching for Riverside Red Bulls : RHP Juan Rodríguez | Batting: LHB John White | 0-0: Foul Ball, location: 2F 0-1: Fly out, F8 (Flyball, 8RD) | Batting: LHB Steven Smith | 0-0: Called Strike 0-1: SOLO HOME RUN (Flyball, 9D), Distance : 413 ft | Batting: SHB Michael Aisher | 0-0: Foul Ball, location: 2F 0-1: Foul Ball, location: 2F 0-2: Ball 1-2: Foul Ball, location: 2F 1-2: Foul Ball, location: 2F 1-2: Ball 2-2: Ground out 5-3 (Groundball, 56) | Batting: LHB Nick Hill | 0-0: SINGLE (Groundball, 56D) | Batting: LHB Roderick Delgado | 0-0: Ball Wild Pitch! Nick Hill to second 1-0: Ground out 1-3 (Groundball, 13) | Top of the 4th over - 1 run, 2 hits, 0 errors, 1 left on base; San Diego 1 - Riverside 0 | BOTTOM OF THE 4TH |
---|
Riverside Red Bulls batting - Pitching for San Diego Smashers : LHP Nesto Pérez | Batting: RHB Patrick Daniels | 0-0: Ball 1-0: Called Strike 1-1: Foul Ball, location: 2F 1-2: Foul Ball, location: 2F 1-2: Ball 2-2: Ball 3-2: Base on Balls | Batting: RHB Gilberto Silva | 0-0: Ball 1-0: Ball 2-0: Called Strike 2-1: Swinging Strike 2-2: 2-RUN HOME RUN (Flyball, 7D), Distance : 395 ft | Batting: RHB Pete Woods | 0-0: Ball 1-0: Ball 2-0: Fly out, F7 (Flyball, 7LS) | Batting: LHB Miguel Gálvez | 0-0: Swinging Strike 0-1: Ground out 4-3 (Groundball, 4) | Batting: RHB Gilberto Tovar | 0-0: Called Strike 0-1: Called Strike 0-2: SINGLE (Line Drive, 89M) | Batting: RHB Donovan James | 0-0: Ball 1-0: Ball 2-0: Fly out, F7 (Flyball, 7D) | Bottom of the 4th over - 2 runs, 2 hits, 0 errors, 1 left on base; San Diego 1 - Riverside 2 | TOP OF THE 5TH |
---|
San Diego Smashers batting - Pitching for Riverside Red Bulls : RHP Juan Rodríguez | Batting: SHB Walt Rodgers | 0-0: Ball 1-0: Ball 2-0: Called Strike 2-1: Ball 3-1: Ground out 3-1 (Groundball, 3S) | Batting: RHB Sean Smith | 0-0: Ball 1-0: Called Strike 1-1: Foul Ball, location: 2F 1-2: Ball 2-2: Foul Ball, location: 2F 2-2: Foul Ball, location: 2F 2-2: Strikes out swinging | Batting: RHB Gustavo Torres | 0-0: Ball 1-0: Ball 2-0: Called Strike 2-1: Ground out 4-3 (Groundball, 34) | Top of the 5th over - 0 runs, 0 hits, 0 errors, 0 left on base; San Diego 1 - Riverside 2 | BOTTOM OF THE 5TH |
---|
Riverside Red Bulls batting - Pitching for San Diego Smashers : LHP Nesto Pérez | Batting: RHB Bobby Miller | 0-0: Called Strike 0-1: Ball 1-1: Foul Ball, location: 2F 1-2: Ball 2-2: Foul Ball, location: 2F 2-2: SINGLE (Groundball, 6MD) | Batting: RHB José García | 0-0: Ball 1-0: Swinging Strike 1-1: Fly out, F9 (Line Drive, 89M) | Batting: RHB Zhong Shui | 0-0: Ball 1-0: Foul Ball, location: 2F 1-1: Called Strike 1-2: Strikes out swinging | Batting: RHB Patrick Daniels | 0-0: Ball 1-0: Called Strike 1-1: Ball 2-1: Ball 3-1: SINGLE (Groundball, 6MD) Bobby Miller to second Runner from 2nd tries for 3rd, OUT! | Bottom of the 5th over - 0 runs, 2 hits, 0 errors, 1 left on base; San Diego 1 - Riverside 2 | TOP OF THE 6TH |
---|
San Diego Smashers batting - Pitching for Riverside Red Bulls : RHP Juan Rodríguez | Batting: RHB Manny Torrez | 0-0: Foul Ball, location: 2F 0-1: Foul Ball, location: 2F 0-2: Ground out 6-3 (Groundball, 6) | Batting: LHB John White | 0-0: Ball 1-0: Ball 2-0: Called Strike 2-1: Ball 3-1: Fly out, F9 (Flyball, 9LM) | Batting: LHB Steven Smith | 0-0: Swinging Strike 0-1: Ball 1-1: Ball 2-1: Ball 3-1: Base on Balls | Batting: SHB Michael Aisher | 0-0: Ball 1-0: Ground out 4-3 (Groundball, 4S) | Top of the 6th over - 0 runs, 0 hits, 0 errors, 1 left on base; San Diego 1 - Riverside 2 | BOTTOM OF THE 6TH |
---|
Riverside Red Bulls batting - Pitching for San Diego Smashers : LHP Nesto Pérez | Batting: RHB Gilberto Silva | 0-0: Foul Ball, location: 2F 0-1: Fly out, F9 (Flyball, 89M) | Batting: RHB Pete Woods | 0-0: Ball 1-0: Called Strike 1-1: Foul Ball, location: 2F 1-2: Foul Ball, location: 2F 1-2: Ball 2-2: SINGLE (Groundball, 56D) | Batting: LHB Miguel Gálvez | 0-0: Called Strike 0-1: Foul Ball, location: 2F 0-2: Foul Ball, location: 2F 0-2: Ball 1-2: Foul Ball, location: 2F 1-2: Ball 2-2: Foul Ball, location: 2F 2-2: Strikes out swinging | Batting: RHB Gilberto Tovar | 0-0: Fly out, F8 (Flyball, 8LS) | Bottom of the 6th over - 0 runs, 1 hit, 0 errors, 1 left on base; San Diego 1 - Riverside 2 | TOP OF THE 7TH |
---|
San Diego Smashers batting - Pitching for Riverside Red Bulls : RHP Juan Rodríguez | Pitching: LHP Mitch Bennett | | Batting: LHB Nick Hill | 0-0: Called Strike 0-1: Ball 1-1: Foul Ball, location: 2F 1-2: SINGLE (Groundball, 4MD) | Pinch Hitting: RHB Fred Ameris | 0-0: Called Strike 0-1: Ball 1-1: Ball 2-1: Ball 3-1: Base on Balls Nick Hill to second | Batting: SHB Walt Rodgers | 0-0: Ball 1-0: Ball 2-0: Ball 3-0: Base on Balls Nick Hill to third Fred Ameris to second | Pinch Hitting: RHB Gerald Davis | 0-0: SINGLE (Groundball, 34) Nick Hill scores Fred Ameris to third Walt Rodgers to second | Batting: RHB Gustavo Torres | 0-0: Foul Ball, location: 2F 0-1: Called Strike 0-2: Ball 1-2: Foul Ball, location: 2F 1-2: SINGLE (Groundball, 6MD) Fred Ameris scores Walt Rodgers to third Gerald Davis to second | Pitching: RHP Shawn Montoya | | Pinch Hitting: LHB Richard Brooks | 0-0: Ball 1-0: Swinging Strike 1-1: Foul Ball, location: 2F 1-2: Strikes out swinging | Batting: LHB John White | 0-0: Ball 1-0: Ball 2-0: Fly out, F9 (Flyball, 89D) Runner from 3rd tags up, SCORES, no throw | Batting: LHB Steven Smith | 0-0: Called Strike 0-1: Swinging Strike 0-2: Strikes out swinging | Top of the 7th over - 3 runs, 3 hits, 0 errors, 2 left on base; San Diego 4 - Riverside 2 | BOTTOM OF THE 7TH |
---|
Riverside Red Bulls batting - Pitching for San Diego Smashers : LHP Nesto Pérez | Pitching: LHP Alejandro Flores | | Now at SS: Gerald Davis | | Now in CF: Juan Morales | | Now in RF: Richard Brooks | | Batting: RHB Donovan James | 0-0: Ground out 1-3 (Groundball, 15S) | Batting: RHB Bobby Miller | 0-0: Ball 1-0: Ball 2-0: Foul Ball, location: 2F 2-1: Reached on error, E6 (Groundball, 6MS) | Batting: RHB José García | 0-0: Ball 1-0: SINGLE (Line Drive, 89S) Bobby Miller to second | Batting: RHB Zhong Shui | 0-0: Called Strike Bobby Miller steals 3rd base 0-1: Ball 1-1: Called Strike 1-2: Foul Ball, location: 2F 1-2: Foul Ball, location: 2F 1-2: Ball 2-2: SINGLE (Popup, 4MD) Bobby Miller scores José García to second Runner from 2nd tries for 3rd, OUT! | Batting: RHB Patrick Daniels | 0-0: Called Strike 0-1: Ball 1-1: Swinging Strike 1-2: Foul Ball, location: 2F 1-2: Ball 2-2: Strikes out looking | Bottom of the 7th over - 1 run, 2 hits, 1 error, 1 left on base; San Diego 4 - Riverside 3 | TOP OF THE 8TH |
---|
San Diego Smashers batting - Pitching for Riverside Red Bulls : RHP Shawn Montoya | Batting: SHB Michael Aisher | 0-0: Ball 1-0: Foul Ball, location: 2F 1-1: Ball 2-1: Ground out 1-3 (Groundball, 13) | Batting: LHB Nick Hill | 0-0: Ball 1-0: Swinging Strike 1-1: Ball 2-1: Fly out, F9 (Flyball, 9D) | Batting: RHB Juan Morales | 0-0: Called Strike 0-1: Swinging Strike 0-2: Strikes out swinging | Top of the 8th over - 0 runs, 0 hits, 0 errors, 0 left on base; San Diego 4 - Riverside 3 | BOTTOM OF THE 8TH |
---|
Riverside Red Bulls batting - Pitching for San Diego Smashers : LHP Alejandro Flores | Batting: RHB Gilberto Silva | 0-0: Swinging Strike 0-1: Ball 1-1: Ball 2-1: SOLO HOME RUN (Flyball, 7LD), Distance : 394 ft | Pitching: LHP Mike Stevens | | Pinch Hitting: RHB Luis Bustamante | 0-0: Ball 1-0: SINGLE (Line Drive, 56D) | Batting: LHB Miguel Gálvez | 0-0: Called Strike 0-1: Ball 1-1: Foul Ball, location: 2F 1-2: Strikes out swinging | Batting: RHB Gilberto Tovar | 0-0: Foul Ball, location: 2F 0-1: Called Strike 0-2: Strikes out looking | Batting: RHB Donovan James | 0-0: Swinging Strike 0-1: Swinging Strike 0-2: Strikes out swinging | Bottom of the 8th over - 1 run, 2 hits, 0 errors, 1 left on base; San Diego 4 - Riverside 4 | TOP OF THE 9TH |
---|
San Diego Smashers batting - Pitching for Riverside Red Bulls : RHP Shawn Montoya | Pitching: RHP Ricardo López | | Now at 3B: Walt Simmons | | Pinch Hitting: LHB Dale Miller | 0-0: Ball 1-0: Called Strike 1-1: Ball 2-1: Called Strike 2-2: Ball 3-2: Base on Balls | Batting: RHB Gerald Davis | 0-0: SINGLE (Groundball, 34) (infield hit) Dale Miller to second | Batting: RHB Gustavo Torres | 0-0: Ball 1-0: Called Strike 1-1: Swinging Strike 1-2: Fielders Choice at 2nd, 3-6 (Groundball, 34) Dale Miller to third | Batting: LHB Richard Brooks | 0-0: Swinging Strike 0-1: Ball 1-1: Foul Ball, location: 2F 1-2: Ball 2-2: Strikes out swinging | Batting: LHB John White | 0-0: SINGLE (Line Drive, 7LS) Dale Miller scores Gustavo Torres to second Runner from 2nd tries for 3rd, SAFE, throw made to third | Batting: LHB Steven Smith | 0-0: Called Strike 0-1: Ball 1-1: Swinging Strike 1-2: Strikes out swinging | Top of the 9th over - 1 run, 2 hits, 0 errors, 2 left on base; San Diego 5 - Riverside 4 | BOTTOM OF THE 9TH |
---|
Riverside Red Bulls batting - Pitching for San Diego Smashers : LHP Mike Stevens | Pitching: RHP Bobby Booker | | Now at 3B: Daniel Moody | | Batting: RHB Bobby Miller | 0-0: Called Strike 0-1: Ground out 6-3 (Groundball, 6) | Batting: RHB José García | 0-0: Ball 1-0: Ground out 5-3 (Groundball, 56S) | Batting: RHB Zhong Shui | 0-0: Swinging Strike 0-1: Swinging Strike 0-2: Strikes out swinging | Bottom of the 9th over - 0 runs, 0 hits, 0 errors, 0 left on base; San Diego 5 - Riverside 4 | |